 Dungeon Crawl Stone Soup version 0.18-a0-1542-g9c1a92e (console) character file.

417 Liam the Magician (level 6, 0/36 HPs)
             Began as a High Elf Wizard on Mar 10, 2016.
             Slain by an orc priest
             ... wielding a +0 dagger
              (1 damage)
             ... while paralysed by Grinder
             ... on level 5 of the Dungeon.
             The game lasted 00:06:54 (3628 turns).

Liam the Magician (High Elf Wizard)                 Turns: 3628, Time: 00:06:55

Health: 0/36       AC:  3    Str:  6    XL:     6   Next: 61%
Magic:  13/15      EV:  2    Int: 25    God:
Gold:   149        SH:  0    Dex: 13    Spells: 6 memorised, 3 levels left

rFire  . . .     SeeInvis .     y - +1 dagger (freeze)
rCold  . . .     Gourm    .     a - +0 robe
rNeg   . . .     Faith    .     (no shield)
rPois  .         Spirit   .     b - +0 hat
rElec  .         Dismiss  .     z - +0 cloak
rCorr  .         Reflect  .     (no gloves)
SustAt .         Harm     .     (no boots)
MR     .....                    (no amulet)
Stlth  ++........               (no ring)
                                (no ring)

@: paralysed, not resistant to hostile enchantments, unstealthy
A: no striking features
a: no special abilities


You were on level 5 of the Dungeon.
You were very hungry.

You visited 1 branch of the dungeon, and saw 5 of its levels.

You collected 149 gold pieces.

Inventory:

Hand Weapons
 y - a +1 dagger of freezing (weapon)
Armour
 a - a +0 robe (worn)
 b - a +0 hat (worn)
 z - a +0 cloak (worn)
Scrolls
 e - 2 scrolls of teleportation {unknown}
 f - a scroll of magic mapping {unknown}
 h - 4 scrolls of identify {unknown}
 j - a scroll of enchant weapon {unknown}
 k - a scroll of noise {unknown}
 m - 3 scrolls of immolation {unknown}
 o - 2 scrolls of recharging {unknown}
 t - a scroll of fog {unknown}
 w - a scroll of enchant armour {unknown}
Potions
 g - a potion of ambrosia
 l - 2 potions of heal wounds {unknown}
 n - a potion of might {unknown}
 p - 2 potions of beneficial mutation {unknown}
 q - a potion of lignification {unknown}
 r - a potion of cure mutation {unknown}
 s - a potion of cancellation {unknown}
 u - a potion of mutation {unknown}
 x - a potion of brilliance {unknown}
Books
 c - a book of Minor Magic

   Spells                             Type                      Level
   a - Magic Dart                     Conjuration                  1
   b - Blink                          Translocation                2
   c - Call Imp                       Summoning                    2
   d - Repel Missiles                 Charms/Air                   2
   e - Slow                           Hexes                        2
   f - Conjure Flame                  Conjuration/Fire             3
   g - Mephitic Cloud                 Conjuration/Poison/Air       3
Comestibles
 d - 2 bread rations
 i - a meat ration
 v - a beef jerky


   Skills:
 - Level 2.1 Dodging
 - Level 2.1 Stealth
 + Level 5.6 Spellcasting
 + Level 3.9 Conjurations
 + Level 2.2 Charms
   Level 0.8 Summonings
 + Level 2.2 Translocations
 + Level 1.6 Fire Magic
 + Level 2.7 Air Magic


You had 3 spell levels left.
You knew the following spells:

 Your Spells              Type           Power        Failure   Level  Hunger
a - Magic Dart            Conj           ####         1%          1    None
b - Blink                 Tloc           N/A          6%          2    None
c - Slow                  Hex            #.......     14%         2    None
d - Mephitic Cloud        Conj/Pois/Air  ###.....     12%         3    #......
e - Conjure Flame         Conj/Fire      ###.....     10%         3    #......
m - Repel Missiles        Chrm/Air       ###...       6%          2    None


Dungeon Overview and Level Annotations

Branches:
Dungeon (5/15)
 Temple: D:4-7

Altars:
Cheibriados
Gozag
Okawaru

Annotations:
D:5 Grinder


Message History

The orc priest casts a cantrip, but nothing happens.
The crimson imp barely misses you. Grinder gestures at you.
You suddenly lose the ability to move!
Found a scroll labeled KUFOAKHL QUWIC.
The crimson imp hits you.
Grinder gestures.
Grinder blinks!
The crimson imp hits you but does no damage.
The orc priest hits you with a dagger. The crimson imp hits you.
The orc hits you with a club.
The orc priest invokes the aid of Beogh against you.
Pain shoots through your body!
* * * LOW HITPOINT WARNING * * *
Grinder gestures at you.
You shrug off the repeated paralysis!
The crimson imp hits you but does no damage.
The orc hits you with a club.
* * * LOW HITPOINT WARNING * * *
The orc priest hits you with a dagger.
You die...

#......# #......#
#.....<#######
#.............
#..5..........
#.............
#.............
#....o@$.....?
#...!o5#####+###.
#......#.<.......
#......#.........
....###'###......###
... #....'.......##
. #....#........#
#....#...Z....#
#....#.o...<..#


You could see Grinder, an orc priest, a crimson imp and an orc.

Vanquished Creatures
  A sky beast (D:2)
  A hound (D:4)
  Crazy Yiuf (D:3)
  An iguana (D:4)
  Natasha (thrice) (D:2)
  4 adders
  An adder skeleton (D:4)
  2 worms
  2 dart slugs
  3 giant geckos
  17 orcs
  8 giant cockroaches
  8 goblins
  10 hobgoblins
  3 jackals (D:2)
  2 quokkas
  2 ball pythons
  15 bats
  A giant gecko skeleton (D:4)
  3 giant newts
  A kobold (D:2)
  12 rats
101 creatures vanquished.

Notes
Turn   | Place    | Note
--------------------------------------------------------------
     0 | D:1      | Liam the High Elf Wizard began the quest for the Orb.
     0 | D:1      | Reached XP level 1. HP: 11/11 MP: 6/6
   269 | D:1      | Reached skill level 4 in Spellcasting
   269 | D:1      | Reached XP level 2. HP: 17/17 MP: 4/8
   894 | D:1      | Found a snail-covered altar of Cheibriados.
   957 | D:1      | Reached XP level 3. HP: 19/21 MP: 5/9
  1475 | D:2      | Noticed Natasha
  1486 | D:2      | HP: 1/21 [Natasha (6)]
  1496 | D:2      | Killed Natasha
  1496 | D:2      | Reached XP level 4. HP: 15/27 MP: 8/11
  1638 | D:2      | Learned a level 2 spell: Blink
  1641 | D:2      | Learned a level 2 spell: Slow
  1644 | D:2      | Learned a level 2 spell: Repel Missiles
  1648 | D:2      | Learned a level 3 spell: Conjure Flame
  1820 | D:2      | Noticed Natasha
  1825 | D:2      | Killed Natasha
  1916 | D:2      | Reached skill level 1 in Charms
  1920 | D:2      | Noticed Natasha
  1926 | D:2      | Killed Natasha
  1926 | D:2      | Reached skill level 1 in Air Magic
  1926 | D:2      | Reached XP level 5. HP: 18/31 MP: 0/13
  2063 | D:2      | Reached skill level 5 in Spellcasting
  2297 | D:3      | Noticed a sky beast
  2336 | D:2      | Killed a sky beast
  2336 | D:2      | Reached skill level 1 in Fire Magic
  2522 | D:3      | Reached XP level 6. HP: 30/36 MP: 7/14
  2571 | D:3      | Learned a level 3 spell: Mephitic Cloud
  2896 | D:3      | Found an iron altar of Okawaru.
  2898 | D:3      | Found an opulent altar of Gozag.
  3080 | D:3      | Noticed Crazy Yiuf
  3098 | D:3      | Killed Crazy Yiuf
  3523 | D:5      | Entered Level 5 of the Dungeon
  3619 | D:5      | Noticed Grinder
  3624 | D:5      | Paralysed by Grinder for 5 turns
  3628 | D:5      | HP: 1/36 [orc/club (2)]
  3628 | D:5      | Slain by an orc priest

Vault maps used:
D:1:      dpeg_arrival_ratfight, hex_intersection, cheibriados_altar_1
D:2:      first_bread, uniq_natasha
D:3:      minitemple, uniq_crazy_yiuf_cottage
D:4:      temple_statues
D:5:      uniq_prince_ribbit1, uniq_blork_the_orc, uniq_grinder

Skill      XL: |  1  2  3  4  5  6 |
---------------+-------------------+-----
Spellcasting   | 4 5 |  5.6
Conjurations   | 2 3 |  3.9
Charms         | 1 2 |  2.2
Air Magic      | 1 2 |  2.7
Fire Magic     | 1 |  1.6
Translocations | 2 |  2.2
Dodging        | |  2.1
Stealth        | |  2.1
Summonings     | |  0.8

Action                   |  1- 3 |  4- 6 || total
-------------------------+-------+-------++-------
Melee: Unarmed           |     3 |     5 ||     8
       Dagger            |       |     1 ||     1
 Cast: Magic Dart        |    95 |   174 ||   269
       Blink             |       |     2 ||     2
       Mephitic Cloud    |       |     2 ||     2
  Use: Potion            |     1 |       ||     1
  Eat: Chunk             |     1 |     6 ||     7
